AoeStats
← Golquiper

Arena

509927643Analyzed
1v1 RM · 4d ago on Sep 28, 2026· 59m 31s· 2 players
Game mode
Random Map
Map size
Tiny (2 player)
Population
200
Speed
Normal
Resources
Standard
Victory
Conquest
Starting age
Dark Age
Ending age
Imperial Age
RankedLock teamsTeams togetherTeam positionsShared explorationLock speedFull tech treeHidden civsTurbo modeCheats
Victory
Defeat
🇪🇸 Bohemians · Spain
913
+18
🇹🇷 Inca · Türkiye
948
-18
Ernesto5428
11:44 Feudal Age
13:37 Double-Bit Axe
16:52 Castle Age
14:32 Champi Runner
16:33 Horse Collar
18:07 Bow Saw
17:47 Champi Warrior
22:12 Gold Mining
23:37 Heavy Plow
26:21 Wheelbarrow
28:58 Imperial Age
26:13 Loom
28:10 Wheelbarrow
28:21 Fletching
28:49 Padded Archer Armor
29:54 Hand Cart
29:42 Crossbowman
32:29 Chemistry
31:55 Conscription
31:02 Pikeman
31:05 Elite Champi Warrior
32:17 Stone Mining
33:07 Andean Sling
32:46 Arbalester
33:52 Scale Mail Armor
34:03 Forging
33:49 Bodkin Arrow
34:41 Ballistics
35:58 Crop Rotation
36:09 Thumb Ring
36:24 Guilds
37:24 Leather Archer Armor
37:10 Bracer
37:14 Andean Sling
36:41 Capped Ram
39:01 Iron Casting
38:24 Murder Holes
38:36 Onager
40:28 Ring Archer Armor
39:52 Town Watch
41:11 Chain Mail Armor
43:20 Blast Furnace
42:51 Plate Mail Armor
46:35 Siege Ram
Golquiper
12:05 Feudal Age
13:06 Double-Bit Axe
13:50 Horse Collar
16:21 Castle Age
16:37 Wheelbarrow
15:50 Loom
17:13 Bow Saw
19:19 Heavy Plow
21:02 Fervor
21:17 Sanctity
24:19 Scale Barding Armor
24:29 Forging
24:47 Loom
24:52 Town Watch
26:33 Fletching
27:28 Husbandry
28:41 Wagenburg Tactics
29:20 Ballistics
30:20 Chemistry
29:13 Light Cavalry
35:23 Imperial Age
33:05 Murder Holes
33:34 Fortified Wall
34:05 Bodkin Arrow
35:39 Hand Cart
35:59 Elite Hussite Wagon
37:00 Conscription
36:48 Hussite Reforms
37:44 Town Patrol
37:56 Capped Ram
38:55 Masonry
39:43 Siege Engineers
40:52 Architecture
40:26 Padded Archer Armor
40:45 Houfnice
45:14 Sappers
47:19 Redemption
47:09 Atonement
47:05 Herbal Medicine
47:25 Block Printing
47:36 Illumination
47:11 Devotion
47:47 Theocracy
47:46 Bracer
48:02 Leather Archer Armor
48:00 Arrowslits
48:35 Bombard Tower
49:39 Guard Tower
55:32 Faith
56:16 Cavalier
Connection lost

Rejoining the realm…

Still unreachable

The connection could not be restored.

Session expired

The server has moved on; the page needs a fresh start.